 Dungeon Crawl Stone Soup version 0.26.1-11-gd32895ea62 (webtiles) character file.

Game seed: 16082418690916443012

175372 dtburroughs the Severer (level 17, -10/160 HPs)
             Began as a Minotaur Berserker on May 28, 2021.
             Was a High Priest of Trog.
             Mangled by an Executioner (15 damage)
             ... summoned by Asterion
             ... on level 1 of the Vaults on May 29, 2021.
             The game lasted 02:41:35 (43653 turns).

dtburroughs the Severer (Minotaur Berserker)       Turns: 43653, Time: 02:41:36

Health: -10/160    AC: 33    Str: 28    XL:     17   Next: 21%
Magic:  16/16      EV: 18    Int:  7    God:    Trog [*****.]
Gold:   1735       SH:  0    Dex: 17    Spells: 16/16 levels left

rFire    + . .     SeeInvis +   f - +9 executioner's axe
rCold    + . .     Faith    .   (shield currently unavailable)
rNeg     . . .     Spirit   .   y - +6 plate armour "Ibufirphoo" {Will+ Str-3 Dex+4}
rPois    .         Reflect  .   X - +2 hat {SInv}
rElec    .         Harm     .   J - +2 cloak
rCorr    .         Rampage  .   (no gloves)
Will     ++++.                  r - +2 pair of boots
Stlth    ..........             v - amulet of the acrobat
HPRegen  0.36/turn              C - ring of protection from fire
MPRegen  0.15/turn              g - ring of Giv Poqefi {rC+ Will++ Str+8}

@: mighty, about to teleport
A: retaliatory headbutt, horns 2
}: 1/15 runes: decaying
a: Renounce Religion, Berserk, Trog's Hand, Brothers in Arms


You were on level 1 of the Vaults.
You worshipped Trog.
Trog was extremely pleased with you.
You visited 5 branches of the dungeon, and saw 28 of its levels.
You also visited: Volcano.

You collected 3093 gold pieces.
You spent 1358 gold pieces at shops.

Inventory:

Hand Weapons
 f - a +9 executioner's axe (weapon)
 s - a +3 battleaxe of flaming
 u - a +3 battleaxe of freezing
 z - the +1 mace of the Aged Souls {flame, rPois rF+ Dex-2 SInv}
   (You found it on level 2 of the Swamp)

   It has been specially enchanted to burn those struck by it, causing extra
   injury to most foes and up to half again as much damage against particularly
   susceptible opponents.
   It affects your dexterity (-2).
   It protects you from fire.
   It protects you from poison.
   It lets you see invisible.
Armour
 r - a +2 pair of boots (worn)
 y - the +6 plate armour "Ibufirphoo" (worn) {Will+ Str-3 Dex+4}
   (You found it on level 5 of the Lair of Beasts)

   It affects your strength (-3).
   It affects your dexterity (+4).
   It affects your willpower, your defense against some magical effects.
 J - a +2 cloak (worn)
 V - the +15 Maxwell's patent armour {-Cast -Tele rElec Will+ rCorr}
   (You found it on level 1 of the Lair of Beasts)

   It insulates you from electricity.
   It affects your willpower, your defense against some magical effects.
   It prevents spellcasting.
   It prevents most forms of teleportation.
   It provides partial protection from all sources of acid and corrosion.
 X - a +2 hat of see invisible (worn)
Jewellery
 g - the ring of Giv Poqefi (right hand) {rC+ Will++ Str+8}
   (You bought it in a shop on level 1 of the Orcish Mines)

   [ring of protection from cold]

   It affects your strength (+8).
   It protects you from cold.
   It affects your willpower, your defense against some magical effects.
 v - an amulet of the acrobat (around neck)
 C - a ring of protection from fire (left hand)
Wands
 a - a wand of acid (7)
 h - a wand of digging (8)
 m - a wand of random effects (23)
 w - a wand of enslavement (17)
 F - a wand of flame (23)
 G - a wand of disintegration (5)
 L - a wand of paralysis (17)
 S - a wand of polymorph (27)
Scrolls
 b - 13 scrolls of teleportation
 c - 2 scrolls of fog
 e - a scroll of brand weapon {unknown}
 q - 7 scrolls of fear
 t - 14 scrolls of remove curse
 B - 5 scrolls of silence
 E - a scroll of identify
 I - 6 scrolls of immolation
 O - 2 scrolls of torment {unknown}
 P - 5 scrolls of magic mapping
 R - 2 scrolls of random uselessness {unknown}
 T - a scroll of summoning {unknown}
Potions
 d - 2 potions of curing
 i - 2 potions of might
 j - 4 potions of resistance {unknown}
 k - 6 potions of attraction
 l - 5 potions of flight
 p - 10 potions of lignification
 A - a potion of magic {unknown}
 D - a potion of cancellation {unknown}
 K - 4 potions of mutation
 M - a potion of berserk rage {unknown}
 N - a potion of haste {unknown}
 U - a potion of ambrosia {unknown}
 Y - a potion of invisibility {unknown}
Miscellaneous
 n - a box of beasts
 o - a condenser vane


   Skills:
 + Level 16.7 Fighting
 + Level 16.7 Axes
 + Level 16.5 Armour
 + Level 15.3 Dodging
 - Level 3.8 Shields
 + Level 12.3 Evocations


You had 16 spell levels left.
You didn't know any spells.
Your spell library was empty.

Dungeon Overview and Level Annotations

Branches:
Dungeon (15/15)            Temple (0/1) D:4            Lair (6/6) D:11
  Swamp (4/4) Lair:2        Snake (0/4) Lair:4        Slime (0/5) Lair:6
    Orc (2/2) D:11            Elf (0/3) Orc:2        Vaults (1/5) D:13
 Depths (0/5) D:15        Volcano (visited)

Altars:
Cheibriados
Elyvilon
Fedhas
Gozag
Kikubaaqudgha
Makhleb
Nemelex Xobeh
Okawaru
Qazlal
Ru
Sif Muna
Uskayaw
Vehumet
Zin
Beogh
Jiyva

Shops:
D:4 =   D:6 !   D:7 ?   D:13 ?   Orc:1 =   Orc:2 [=!

Portals:
Hell: Lair:6

Annotations:
D:8 3 runed translucent doors, Tirrikindir's ghost, journeyman OpFi
Swamp:2 2 transporters, Silenth's ghost, adept KoHu
Swamp:4 2 transporters, Guese's ghost, adept HOMo
Vaults:1 3 runed translucent doors, Asterion; SpeedRobin's ghost, adept DDFi


Innate Abilities, Weirdness & Mutations

You reflexively headbutt those who attack you in melee.
You have a pair of horns on your head.


Message History

* * * LOW HITPOINT WARNING * * *
The Executioner hits you but does no damage.
Your troll closely misses the Executioner.
Your troll misses the Executioner.
Your troll claws the Executioner!!
Blink to where?
Press: ? - help, Dir - move target
As you read the scroll of blinking, it crumbles to dust.
Okay, then.
As you read the scroll of fog, it crumbles to dust.
The scroll dissolves into smoke.
You hear a shout!
The Executioner hits you!
* * * LOW HITPOINT WARNING * * *
The Executioner barely misses you. The Executioner misses you.
Okay, then.
Okay, then.
Okay, then.
As you read the scroll of teleportation, it crumbles to dust.
You feel strangely unstable. The Executioner hits you!
You die...

.....# .....# .....# .....#
#################################
.................................
.............§.§.................
..H...(......§§§§§...............
........§.1..§§1@§...............
#########....#############'######
....... #....# #.......# .......
#....# #.......# ....... #....#
#....∩..# ....... #....#
#.......# ....... #....#
#.......# .......
#....############.......# .......
#....'.........##########


You could see an Executioner (summoned, fast).

Vanquished Creatures
  Gastronok (Lair:2)
  Louise (Swamp:2)
  2 dire elephants
  An entropy weaver (Lair:5)
  5 bunyips
  2 eleionomae
  An ettin (Orc:1)
  A yaktaur captain (D:15)
  2 shambling mangroves
  Harold (D:7)
  30 hydras
  3 ghost crabs
  4 boulder beetles
  4 vault guards (D:13)
  3 centaur warriors
  6 ogre magi
  25 two-headed ogres
  3 alligators
  2 tengu warriors
  A queen ant (Lair:5)
  A death yak (Lair:6)
  Urug (Orc:1)
  A sun demon (Lair:6)
  A fire crab (Lair:6)
  A spriggan druid (Swamp:3)
  A skeletal warrior (D:15)
  2 goliath frogs (Swamp:2)
  8 swamp dragons
  An unseen horror (D:13)
  3 deep elf magi
  4 lindwurms
  4 orc knights
  2 wizards
  6 bog bodies
  4 orc sorcerers
  An oklob plant (Swamp:2)
  A will-o-the-wisp (Swamp:2)
  5 ugly things (D:14)
  A wolf spider zombie (D:13)
  A manticore (D:14)
  20 elephants
  2 cyclopes
  A torpor snail (Lair:6)
  5 gargoyles
  2 black mambas
  12 cane toads
  2 molten gargoyles (Volcano)
  An orange demon (Lair:6)
  2 yaktaurs
  9 komodo dragons
  A freezing wraith (D:15)
  A kobold demonologist (D:14)
  6 rime drakes
  2 efreet
  A hellwing (Lair:6)
  2 ice devils (Lair:6)
  2 bloated husks
  9 hornets
  3 meliai (D:14)
  2 red devils (Lair:6)
  6 trolls
  3 polar bears
  13 tyrant leeches
  Prince Ribbit (Lair:3)
  7 dream sheep (Lair:6)
  6 blink frogs
  2 slime creatures (D:12)
  A shadow (D:15)
  4 spriggans
  2 wraiths
  9 wyverns
  Sigmund (D:3)
  A fire elemental (Volcano)
  45 yaks
  A human (D:13)
  Grum (D:10)
  7 basilisks
  2 fire bats (Volcano)
  10 vampire mosquitoes
  A steam dragon (Lair:3)
  Menkaure (D:5)
  An acid dragon (D:15)
  10 soldier ants
  A warg (Orc:1)
  3 nagas (Lair:4)
  14 swamp worms
  3 hell hounds
  21 water moccasins
  9 swamp drakes
  2 black bears
  32 orc warriors
  An eye of draining (shapeshifter) (D:15)
  12 ice beasts
  2 sky beasts
  3 phantoms
  37 ogres
  3 centaurs
  6 wolves
  An eye of draining (D:12)
  4 big kobolds
  15 bullfrogs
  A water moccasin skeleton (D:4)
  A wyvern skeleton (D:8)
  A hornet simulacrum (D:11)
  2 scorpions (D:12)
  5 wights (D:15)
  4 electric eels
  3 howler monkeys (D:13)
  5 lava snakes (Volcano)
  4 centaur zombies
  15 orc priests
  5 hounds
  6 jellies
  3 centaur skeletons
  23 orc wizards
  2 bullfrog skeletons
  Terence (D:2)
  4 iguanas
  Natasha (thrice) (D:2)
  27 worker ants
  A statue (D:6)
  A killer bee zombie (D:7)
  3 hound skeletons
  A worker ant zombie (D:8)
  5 gnolls
  14 adders
  A shadow imp (D:8)
  A white imp (D:4)
  2 ufetubi
  3 oozes
  An adder zombie (D:5)
  A worm (D:4)
  A dart slug (D:2)
  9 leopard geckos
  98 orcs
  3 ball pythons
  7 bats
  8 giant cockroaches
  11 goblins
  8 hobgoblins
  5 jackals (D:10)
  5 quokkas
  11 frilled lizards
  A jackal skeleton (D:5)
  14 kobolds
  A quokka skeleton (D:4)
  3 rats
870 creatures vanquished.

Vanquished Creatures (collateral kills)
  A stone giant (Volcano)
  An entropy weaver (Lair:5)
  A shambling mangrove (Swamp:3)
  A ghost crab (Swamp:4)
  4 death yaks (D:11)
  Sonja (D:11)
  A goliath frog (Swamp:4)
  3 skeletal warriors (D:15)
  An unseen horror (D:11)
  A will-o-the-wisp (Swamp:3)
  3 slime creatures (D:12)
  5 yaks (D:11)
  3 soldier ants (Lair:5)
  2 hell hounds (Lair:6)
  A swamp drake (Swamp:3)
  2 earth elementals (Volcano)
  A jelly (D:11)
  4 worker ants (Lair:5)
36 creatures vanquished.

Vanquished Creatures (others)
  A swamp dragon (Swamp:4)
  A bloated husk (Swamp:3)
  14 foxfires
  41 fungi
  75 plants
132 creatures vanquished.

Grand Total: 1038 creatures vanquished

Notes
Turn   | Place    | Note
-------+----------+-------------------------------------------
     0 | D:1      | dtburroughs the Minotaur Berserker began the quest for the
                  | Orb.
     0 | D:1      | Reached XP level 1. HP: 19/19 MP: 0/0
   633 | D:1      | Reached XP level 2. HP: 27/27 MP: 1/1
  1423 | D:2      | Reached skill level 1 in Shields
  1423 | D:2      | Reached XP level 3. HP: 30/33 MP: 2/2
  1452 | D:2      | Noticed a +0 hand axe
  1453 | D:2      | Noticed a +0 hand axe
  1454 | D:2      | Found a hide-covered altar of Uskayaw.
  1485 | D:2      | Reached ** piety under Trog
  1611 | D:2      | Found an opulent altar of Gozag.
  1638 | D:2      | Reached XP level 4. HP: 29/40 MP: 3/3
  1870 | D:2      | Noticed Natasha
  1881 | D:2      | Killed Natasha
  2024 | D:2      | Noticed Terence
  2057 | D:2      | Killed Terence
  2539 | D:2      | Noticed Natasha
  2545 | D:2      | Killed Natasha
  2546 | D:2      | Reached XP level 5. HP: 47/47 MP: 4/4
  2554 | D:2      | Noticed Natasha
  2560 | D:2      | Killed Natasha
  2616 | D:3      | Found a sparkling altar of Nemelex Xobeh.
  2748 | D:3      | Noticed Sigmund
  2771 | D:3      | Killed Sigmund
  2772 | D:3      | Reached skill level 5 in Fighting
  2772 | D:3      | Reached skill level 5 in Axes
  2772 | D:3      | Reached XP level 6. HP: 49/56 MP: 5/5
  3527 | D:4      | Reached *** piety under Trog
  3842 | D:4      | Found Icaklorgh's Jewellery Shoppe.
  3908 | D:4      | Reached XP level 7. HP: 46/61 MP: 6/6
  4707 | D:4      | Found a staircase to the Ecumenical Temple.
  4756 | D:5      | Entered Level 5 of the Dungeon
  4961 | D:5      | Noticed Menkaure
  4972 | D:5      | Killed Menkaure
  4973 | D:5      | Reached skill level 5 in Armour
  5004 | D:5      | Found a blossoming altar of Fedhas.
  5613 | D:6      | Found a snail-covered altar of Cheibriados.
  5626 | D:6      | Found a stormy altar of Qazlal.
  5682 | D:6      | Reached skill level 5 in Dodging
  5747 | D:6      | Reached XP level 8. HP: 51/70 MP: 7/7
  6266 | D:6      | Found Lumeh's Distillery.
  6286 | D:6      | Found a shimmering blue altar of Sif Muna.
  6286 | D:6      | You fall into a shaft and drop 2 floors!
  6371 | D:8      | HP: 4/106 [orc warrior/+0 battleaxe (11)]
  6376 | D:8      | HP: 4/109 [poisoned by an orc]
  6379 | D:8      | HP: 1/73 [poisoned by an orc]
  6833 | D:8      | Found a runed translucent gate.
  6835 | D:8      | Found a runed translucent gate.
  6835 | D:8      | Noticed Tirrikindir's ghost (journeyman OpFi)
  6836 | D:8      | Found a runed translucent gate.
  6908 | D:8      | Found a white marble altar of Elyvilon.
  7046 | D:8      | Reached skill level 1 in Evocations
  7102 | D:8      | Reached **** piety under Trog
  7259 | D:8      | Reached XP level 9. HP: 79/79 MP: 8/8
  7298 | D:8      | Identified the +7 war axe of the Battered Shrikes {vorpal,
                  | *Corrode rPois Str+9 Stlth+}
  7298 | D:8      | Identified the cursed +0 plate armour "Desh" {rElec rN++
                  | Regen+ Int-4 Slay+2}
  7302 | D:8      | Found a roughly hewn altar of Beogh.
  8253 | D:9      | Found a glowing silver altar of Zin.
  8432 | D:10     | Entered Level 10 of the Dungeon
  8876 | D:10     | Noticed Grum
  8892 | D:10     | Killed Grum
  9150 | D:10     | Got a smoking ring mail
  9280 | D:10     | Reached XP level 10. HP: 75/90 MP: 9/9
  9822 | D:11     | Reached ***** piety under Trog
 10178 | D:10     | Identified the +1 ring mail of the Armadillo {Str+4} (You
                  | found it on level 10 of the Dungeon)
 11067 | D:11     | Found a staircase to the Lair.
 11096 | D:11     | Noticed Sonja
 11112 | D:11     | Killed Sonja
 11151 | D:11     | Noticed a cyclops
 11440 | D:11     | Killed a cyclops
 11441 | D:11     | Reached skill level 5 in Evocations
 11516 | D:11     | Noticed a seven-headed hydra
 11588 | D:11     | Reached skill level 10 in Fighting
 11596 | D:11     | Killed a four-headed hydra
 11597 | D:11     | Reached skill level 10 in Axes
 11597 | D:11     | Reached XP level 11. HP: 16/99 MP: 10/10
 11963 | D:11     | Found an opulent altar of Gozag.
 11979 | D:11     | Killed an unseen horror
 12343 | D:11     | Noticed a deep elf mage
 12353 | D:11     | Killed a deep elf mage
 12354 | D:11     | Reached skill level 10 in Armour
 12594 | D:11     | Found a staircase to the Orcish Mines.
 12737 | Lair:1   | Entered Level 1 of the Lair of Beasts
 12835 | Lair:1   | Noticed a death yak
 12836 | Lair:1   | Noticed a death yak
 12836 | Lair:1   | Noticed a death yak
 12967 | D:12     | Noticed a two-headed ogre
 12975 | D:12     | Killed a two-headed ogre
 14362 | D:12     | Got a transparent long sword
 14363 | D:12     | Identified the +8 long sword "Cesiqamp" {holy, rC+ rN+}
                  | (You found it on level 12 of the Dungeon)
 14433 | D:13     | Noticed a centaur warrior
 14437 | D:13     | Found Puletif's Magic Scroll Emporium.
 14835 | Lair:1   | Noticed a death yak
 14844 | D:11     | Killed a death yak
 14847 | D:11     | Killed a death yak
 15270 | D:11     | Killed a death yak
 15272 | D:11     | Killed a death yak
 15497 | Lair:1   | Found the +15 Maxwell's patent armour {-Cast -Tele rElec
                  | Will+ rCorr}
 15519 | Lair:1   | Reached skill level 10 in Dodging
 15966 | Lair:1   | Reached XP level 12. HP: 107/110 MP: 11/11
 16543 | Lair:2   | Noticed Gastronok
 16566 | Lair:2   | Killed Gastronok
 17434 | Lair:2   | Noticed a boulder beetle
 17447 | Lair:2   | Killed a boulder beetle
 17806 | Lair:2   | Found a staircase to the Swamp.
 18215 | Lair:3   | Noticed Prince Ribbit
 18386 | Lair:3   | Killed Prince Ribbit
 18694 | Lair:3   | Noticed a six-headed hydra
 18702 | Lair:3   | Killed a two-headed hydra
 19641 | Lair:4   | Reached XP level 13. HP: 101/119 MP: 12/12
 19693 | Lair:4   | Found a dark tunnel.
 19714 | Volcano  | Entered a volcano
 20370 | Volcano  | Found a burning altar of Makhleb.
 20373 | Volcano  | Noticed a stone giant
 20386 | Volcano  | Killed a stone giant
 20849 | Volcano  | Got faintly humming fire dragon scales
 20860 | Volcano  | Identified the +3 fire dragon scales of the Bulwark
                  | {Rampage rF++ rC- Int+2 Slay+3} (You found it in a volcano)
 22169 | Lair:4   | Found a staircase to the Snake Pit.
 23699 | Lair:5   | Noticed an entropy weaver
 23699 | Lair:5   | Noticed an entropy weaver
 23719 | Lair:5   | Killed an entropy weaver
 23733 | Lair:5   | Received a gift from Trog
 23735 | Lair:5   | Killed an entropy weaver
 24018 | Lair:5   | Got a bloodstained plate armour
 24043 | Lair:5   | Identified the +6 plate armour "Ibufirphoo" {Will+ Str-3
                  | Dex+4} (You found it on level 5 of the Lair of Beasts)
 24869 | Lair:6   | Entered Level 6 of the Lair of Beasts
 24869 | Lair:6   | Found a viscous altar of Jiyva.
 24869 | Lair:6   | Found a staircase to the Slime Pits.
 24907 | Lair:6   | Reached XP level 14. HP: 34/129 MP: 13/13
 26066 | Lair:6   | Found a burning altar of Makhleb.
 27531 | Lair:6   | Found a gateway to Hell.
 27985 | D:13     | Reached skill level 10 in Evocations
 28066 | D:13     | Bought a scroll of identify for 30 gold pieces
 28066 | D:13     | Bought a scroll of remove curse for 45 gold pieces
 28069 | D:13     | Bought a scroll of identify for 30 gold pieces
 28434 | D:13     | Found a gate to the Vaults.
 29185 | D:14     | Reached XP level 15. HP: 137/139 MP: 14/14
 29515 | D:14     | Found a stormy altar of Qazlal.
 29534 | D:14     | Found a snail-covered altar of Cheibriados.
 29878 | D:15     | Entered Level 15 of the Dungeon
 30639 | D:15     | Identified the +5 great sword "Mucwuysi" {venom, +Fly rF+
                  | rC+ Int+4}
 30788 | D:15     | Found a staircase to the Depths.
 30991 | D:15     | Received a gift from Trog
 31017 | D:15     | Reached skill level 15 in Fighting
 31017 | D:15     | Reached skill level 15 in Axes
 32240 | Orc:1    | Entered Level 1 of the Orcish Mines
 32307 | Orc:1    | Reached skill level 15 in Armour
 32701 | Orc:1    | Found Lozack's Jewellery Boutique.
 32737 | Orc:1    | Found a roughly hewn altar of Beogh.
 33002 | Orc:1    | Noticed Urug
 33036 | Orc:1    | Killed Urug
 33356 | Orc:1    | Received a gift from Trog
 33393 | Orc:1    | Found a roughly hewn altar of Beogh.
 33632 | Orc:2    | Entered Level 2 of the Orcish Mines
 34011 | Orc:1    | Reached XP level 16. HP: 73/149 MP: 15/15
 34294 | Orc:2    | Found a staircase to the Elven Halls.
 34559 | Orc:2    | Found Uczem's Armour Boutique.
 34559 | Orc:2    | Found Ruckuha's Gadget Emporium.
 34560 | Orc:2    | Found Gilatil's Jewellery Emporium.
 34560 | Orc:2    | Found Osodd's Distillery.
 34783 | Orc:2    | Reached ****** piety under Trog
 35297 | Swamp:1  | Entered Level 1 of the Swamp
 35539 | Swamp:1  | Received a gift from Trog
 36532 | Swamp:2  | Noticed Silenth's ghost (adept KoHu)
 36648 | Swamp:2  | Got a fine mace
 36663 | Swamp:2  | Identified the +1 mace of the Aged Souls {flame, rPois rF+
                  | Dex-2 SInv} (You found it on level 2 of the Swamp)
 37291 | Swamp:2  | Found a transporter.
 37309 | Swamp:2  | Found a transporter.
 37903 | Swamp:3  | Noticed Louise
 37927 | Swamp:2  | Killed Louise
 39246 | Swamp:3  | Reached skill level 15 in Dodging
 39385 | Swamp:4  | Entered Level 4 of the Swamp
 40380 | Swamp:4  | Reached XP level 17. HP: 154/159 MP: 16/16
 40769 | Swamp:4  | Noticed Guese's ghost (adept HOMo)
 40774 | Swamp:4  | Identified the amulet "Poegi" {RegenMP Int+4}
 40777 | Swamp:4  | Found a transporter.
 40802 | Swamp:4  | Found a transporter.
 41050 | Swamp:4  | Got a decaying rune of Zot
 41677 | D:7      | Noticed Harold
 41682 | D:7      | Killed Harold
 41727 | D:7      | Found an ancient bone altar of Kikubaaqudgha.
 41840 | D:7      | Found Puxyfar's Magic Scroll Shoppe.
 41849 | D:7      | Bought a scroll of blinking for 105 gold pieces
 41849 | D:7      | Bought a scroll of blinking for 105 gold pieces
 41874 | D:7      | Found a shimmering blue altar of Sif Muna.
 42227 | D:6      | Found a radiant altar of Vehumet.
 42415 | D:6      | Found an iron altar of Okawaru.
 42525 | D:6      | Found a sacrificial altar of Ru.
 42625 | D:4      | Bought an uncursed ring of protection from fire for 300
                  | gold pieces
 43004 | Vaults:1 | Entered Level 1 of the Vaults
 43116 | Orc:1    | Bought the ring of Giv Poqefi {rC+ Will++ Str+8} for 743
                  | gold pieces
 43546 | Vaults:1 | Found a runed translucent gate.
 43546 | Vaults:1 | Found a runed translucent gate.
 43546 | Vaults:1 | Noticed SpeedRobin's ghost (adept DDFi)
 43547 | Vaults:1 | Found a runed translucent gate.
 43564 | Vaults:1 | Noticed Asterion
 43652 | Vaults:1 | HP: 5/160 [Executioner[Asterion] (8)]
 43653 | Vaults:1 | Mangled by an Executioner

Illustrated notes

Levels and vault maps discovered:
D:1:      dpeg_arrival_signposts, layout_loops_ring, serial_co_window_serial,
          co_window_paths_a, co_window_cross_1, co_window_of_opportunity_a,
          co_window_paths_a, co_window_paths_a, co_window_corner_ca,
          co_window_paths_c, co_window_2corner, co_window_corner_cb,
          co_window_corner_ca, co_window_broadway_b, co_window_2corner,
          glass_columns_c, glass_columns_b, st_stairs_4
D:2:      layout_rooms, lemuel_round_altar, dancing_weapons_uskayaw,
          uniq_natasha, uniq_terence
D:3:      layout_rooms, nemelex_xobeh_ov_fountains_minmay, uniq_sigmund
D:4:      layout_loops_corners, lemuel_temple_firewalk_a, serial_shops, shop,
          nicolae_zen_rock_garden, kennysheep_generic_room_12
D:5:      layout_basic, fedhas_ov_isle_minmay, uniq_menkaure
D:6:      layout_rooms, vehumet_statue, nicolae_overflow_hidden_temple,
          amethyst_overflow_temple_binary, basic_altar, serial_shops,
          nicolae_shop_window_shopping, okawaru_altar_gauntlet_db
D:7:      hangedman_cross_stitches, layout_basic, kennysheep_mini_moat,
          led_sif_book, serial_shops, nicolae_shop_trees, uniq_harold
D:8:      layout_rooms, lemuel_round_altar, biasface_ghost_orc_armoury
D:9:      layout_basic, lemuel_coloured_pillars_altar, mrwooster_statue_mirror,
          kennysheep_generic_room_11
D:10:     layout_basic, special_room [special_room_orc], uniq_grum
D:11:     layout_rooms, minmay_lair_entry_grove, orc_0_dummy,
          nicolae_gozag_seed_capital, uniq_sonja
D:12:     layout_stronghold, serial_column_ruins, column_ruins_hut,
          column_ruins_hut_water, column_ruins_open_tiny, column_ruins_grid_3,
          column_ruins_open_medium, column_ruins_grid_1,
          column_ruins_open_small_water
D:13:     layout_cave_pools, grunt_vaults_entry_fortified, serial_shops,
          shop_scrolls, portal_ice_cave_entry_ice_beasts, gauntlet_entry_generic
D:14:     layout_basic, cheibriados_altar_1, minivault_25, grunt_qazlal_clouds
D:15:     grunt_enter_depths_snipers, layout_basic, serial_bayou_pond_e
Lair:1:   statuecave_lemuel, layout_gridlike, serial_bayou_shore_a
Lair:2:   layout_gridlike, nicolae_swamp_entry_splash_gauntlet,
          grunt_megastairs_2, uniq_gastronok
Lair:3:   layout_cave_pods, chequers_serial_rivers_micro_c, uniq_prince_ribbit2
Lair:4:   layout_gridlike, guppyfry_snake_entry_garden, enter_volcano_4,
          lemuel_fruit_tree
Lair:5:   layout_regular_city, minmay_another_anthill
Lair:6:   evil_forest, layout_regular_city, slime_altar_1
Swamp:1:  layout_basic_swamp, nicolae_swamp_fairy_circle, swamp_pool1
Swamp:2:  layout_basic_swamp, gammafunk_ghost_arena, wheals_swamp_sinkhole,
          swamp_pool4, nicolae_swamp_oklob_treasure_island
Swamp:3:  layout_basic_swamp, evilmike_swamp_ruin_house_4, swamp_pool5,
          nicolae_swamp_baby_hydras, uniq_louise
Swamp:4:  swamp_alternative, layout_basic_swamp, gammafunk_ghost_arena
Orc:1:    nicolae_orc_accident_2, layout_caves, basic_altar, serial_shops,
          nicolae_shop_trees, nicolae_orc_damp_corner, uniq_urug
Orc:2:    st_orc_ogre_mass, layout_caves
Vaults:1: gammafunk_vaults_ghost_split, vaults_mumra_chevron, v_misc_24,
          nicolae_vaults_little_squares_6, ontoclasm_vaults_misaligned,
          layout_vaults_omnigrid, uniq_asterion

Skill      XL: |  1  2  3  4  5  6  7  8  9 10 11 12 13 14 15 16 |
---------------+-------------------------------------------------+-----
Axes           | 4 5 6 7 8 10 11 12 13 14 15 16 | 16.7
Fighting       | 4 5 6 7 8 10 11 12 13 14 15 16 | 16.7
Shields        | 1 2 3 |  3.8
Armour         | 3 4 5 7 8 9 10 12 13 14 15 16 | 16.5
Dodging        | 3 4 5 6 7 8 10 11 12 13 14 15 | 15.3
Evocations     | 1 3 5 6 8 9 10 11 12 | 12.3

Action                   |  1- 3 |  4- 6 |  7- 9 | 10-12 | 13-15 | 16-18 || total
-------------------------+-------+-------+-------+-------+-------+-------++-------
Melee: Hand axe          |    92 |   139 |       |       |       |       ||   231
       Headbutt          |    11 |    27 |    44 |   115 |   324 |   150 ||   671
       War axe           |       |    10 |    21 |   121 |     4 |       ||   156
       Battleaxe         |       |       |   271 |   378 |   211 |   149 ||  1009
       Flail             |       |       |       |       |   197 |       ||   197
       Executioner's axe |       |       |       |       |   799 |   243 ||  1042
       Mace              |       |       |       |       |       |   195 ||   195
Invok: Berserk           |       |     1 |     1 |     1 |     1 |       ||     4
       Trog's Hand       |       |       |     4 |     3 |    12 |     3 ||    22
       Brothers in Arms  |       |       |       |     5 |     5 |     6 ||    16
Evoke: Wand              |       |       |       |    13 |    11 |    32 ||    56
       Condenser vane    |       |       |       |       |       |     2 ||     2
       Box of beasts     |       |       |       |       |       |     1 ||     1
  Use: Scroll            |       |       |     6 |     5 |    25 |    18 ||    54
       Potion            |       |       |       |       |     7 |     6 ||    13
 Stab: Paralysed         |       |       |       |     7 |     2 |     2 ||    11
Armor: Chain mail        |    45 |    62 |   132 |    18 |    18 |       ||   275
       Scale mail        |     3 |       |       |       |       |       ||     3
       Ring mail         |       |       |       |    39 |       |       ||    39
       Plate armour      |       |       |       |   187 |   877 |   653 ||  1717
Dodge: Dodged            |    31 |    51 |   155 |   232 |   901 |   847 ||  2217
Block: Buckler           |    11 |    26 |     6 |       |       |       ||    43
       Tower shield      |       |       |       |   118 |   233 |       ||   351
